cohdb
Replays
Latest Replays
All Replays
Popular Replays
Top Player Replays
Match Explorer
How It Works
Community
CoH3 Stats
Reddit
Sign in to upload your games and track your stats! →
Sign in with Steam
wunderwaffe 0HP immortal stummel
Match 44794623
Overview
Messages
Build Orders
End
Kettenkrad Recon Vehicle
Construct Infanterie Kompanie
MG 42 Machine Gun Team
Grenadier Squad
Grenadier Squad
GrW 34 Mortar Team
Construct Panzergrenadier Kompanie
Selects Mechanized Battlegroup
Pak 40 Anti-tank Gun Team
Panzergrenadier Squad
Selects Raid Package
Support Elements
StuG III G Assault Gun
Selects StuG Assault Group
Medical Bunker
StuG Assault Group
Dominik
beniu
AUS Potato
[14e]tuveuxdugateaux
0
0
Comments
sign in to comment!
No comments posted yet!